 Dungeon Crawl Stone Soup version 0.32-a0-350-g4f4d228785 (webtiles) character file.

Game seed: 9296562665064474677

11867 Strat the Severer (level 11, -10/99 HPs)
             Began as a Mountain Dwarf Monk on Feb 17, 2024.
             Was a High Priest of Okawaru.
             Mangled by a two-headed ogre
             ... wielding a +0 giant spiked club
              (21 damage)
             ... on level 11 of the Dungeon.
             The game lasted 00:24:28 (11419 turns).

Strat the Severer (Mountain Dwarf Monk)            Turns: 11419, Time: 00:24:28

Health: -10/99     AC: 14    Str: 18    XL:     11   Next: 54%
Magic:  16/16      EV:  9    Int: 11    God:    Okawaru [*****.]
Gold:   304        SH:  0    Dex: 18    Spells: 10/10 levels left

rFire   . . .        b - +5 battleaxe
rCold   . . .        (shield currently unavailable)
rNeg    . . .        r - +0 chain mail
rPois   .            y - +0 helmet
rElec   .            (no cloak)
rCorr   .            k - +0 pair of gloves
SInv    .            f - +0 pair of boots
Will    +....        n - amulet of faith Stlth
                     g - +6 ring of dexterity
HPRegen 0.36/turn    (no ring)
MPRegen 0.15/turn

%: faith
@: no status effects
A: runic magic, artefact enchanting
a: Renounce Religion, Heroism, Finesse, Duel


You were on level 11 of the Dungeon.
You worshipped Okawaru.
Okawaru was extremely pleased with you.
You visited 2 branches of the dungeon, and saw 12 of its levels.

You collected 570 gold pieces.
You spent 266 gold pieces at shops.

Inventory:

Hand Weapons
 a - a +1 war axe of protection
 b - a +5 battleaxe (weapon)
 h - a +1 flail of venom
 u - a +2 broad axe of distortion
Missiles
 j - 2 curare-tipped darts
 B - 4 javelins (quivered)
 C - a datura-tipped dart
 E - 3 boomerangs
Armour
 d - an orb of light
 f - a +0 pair of boots (worn)
 k - a +0 pair of gloves (worn)
 r - a +0 chain mail (worn)
 y - a +0 helmet (worn)
Jewellery
 g - a +6 ring of dexterity (left hand)
 l - the amulet of Propriety {Acrobat -Tele Regen+ SInv}
   (You took it off an orc on level 2 of the Dungeon)

   [amulet of the acrobat]

   Acrobat:   It increases your evasion while moving and waiting.
   SInv:      It lets you see invisible.
   -Tele:     It prevents most forms of teleportation.
   Regen+:    It increases your rate of health regeneration.
 n - an amulet of faith (around neck)
 w - an amulet of regeneration
 z - the ring "Fid Tugy" {rC- rN+ Will++}
   (You found it on level 9 of the Dungeon)

   [ring of positive energy]

   rC-:       It makes you vulnerable to cold.
   rN+:       It protects you from negative energy.
   Will++:    It greatly increases your willpower.
 G - an amulet of magic regeneration
Wands
 p - a wand of digging (6)
 q - a wand of charming (5)
 F - a wand of roots (4)
Scrolls
 e - a scroll of enchant weapon
 i - 8 scrolls of teleportation
 m - 3 scrolls of revelation
 t - 2 scrolls of identify
 I - a scroll of immolation
Potions
 c - a potion of ambrosia
 o - a potion of resistance
 s - 3 potions of lignification
 v - a potion of attraction {unknown}
 x - 3 potions of curing
 D - a potion of enlightenment
 H - a potion of magic {unknown}
 J - a potion of mutation {unknown}


   Skills:
 + Level 9.8 Fighting
 * Level 16.6 Axes
 + Level 7.7 Armour
 - Level 2.1 Dodging
 - Level 7.0 Invocations


You had 10 spell levels left.
You didn't know any spells.
Your spell library contained the following spells:

 Spells                   Type           Power      Damage    Failure   Level
 Slow                     Hex            0%         N/A       50%         1
 Confusing Touch          Hex            0%         N/A       86%         3
 Dazzling Flash           Conj/Hex       0%         N/A       86%         3
 Sigil of Binding         Hex            0%         N/A       86%         3
 Vampiric Draining        Necr           0%         2d6       86%         3
 Volatile Blastmotes      Fire/Tloc      0%         2d10      86%         3
 Starburst                Conj/Fire      0%         6d3       100%        6
 Maxwell's Capacitive Co  Air            0%         ∞         100%        8


Dungeon Overview and Level Annotations

Branches:
Dungeon (11/15)            Temple (1/1) D:6            Lair (0/5) D:9
    Orc (0/2) D:11

Altars:
Ashenzari
Cheibriados
Dithmenos
Elyvilon
Fedhas
Gozag
Hepliaklqana
Kikubaaqudgha
Makhleb
Nemelex Xobeh
Okawaru
Qazlal
Ru
Sif Muna
Trog
Uskayaw
Vehumet
Wu Jian
Xom
Yredelemnul
Zin
The Shining One
Beogh

Shops:
D:2 ??   D:3 (   D:4 ?==*   D:10 ?


Innate Abilities, Weirdness & Mutations

Your spellcasting is much less encumbered by armour.
You can use scrolls of enchantment on lesser artefacts.


Message History

You kill the troll!
Okawaru accepts your kill.
Aiming: Bolt of Light
Press: ? - help, Shift-Dir - straight line, f - two-headed ogre
Aim: a two-headed ogre, wielding two +0 giant spiked clubs (86% to hit)
The bolt of light hits the two-headed ogre!
The two-headed ogre is lightly wounded.
The two-headed ogre is blinded.
The now-empty wand crumbles to dust.
Unknown command.
The two-headed ogre is no longer blind.
Aiming: Dig
Press: ? - help, Shift-Dir - straight line, f - you, p - two-headed ogre Please select a direction to dig.
Okay, then.
A two-headed ogre is nearby!
Aiming: Fastroot
Press: ? - help, Shift-Dir - straight line, f/p - two-headed ogre
Aim: a two-headed ogre, wielding two +0 giant spiked clubs (lightly wounded)
The roots erupt in riotous growth!
Roots grab the two-headed ogre.
The grasping roots constrict the two-headed ogre.
The grasping roots constrict the two-headed ogre.
The two-headed ogre escapes!
Aiming: Fastroot
Press: ? - help, Shift-Dir - straight line, f/p - two-headed ogre
Aim: a two-headed ogre, wielding two +0 giant spiked clubs (moderately wounded)
The roots erupt in riotous growth!
Roots grab the two-headed ogre.
The grasping roots constrict the two-headed ogre.
The two-headed ogre escapes!
You barely miss the two-headed ogre.
The two-headed ogre is moderately wounded.
The two-headed ogre hits you with a +0 giant spiked club!
* * * LOW HITPOINT WARNING * * *
The two-headed ogre hits you with a +0 giant spiked club!!
* * * LOW HITPOINT WARNING * * *
You hit the two-headed ogre.
The two-headed ogre is moderately wounded.
The two-headed ogre hits you with a +0 giant spiked club!!
You die...

#############
##.....#...@.##
##..........O..##
#...............#
#...............#
#...............#
#...............#
####...............#
##.##.....^.........#
#..###.............##


You could see a two-headed ogre.

Vanquished Creatures
  A deep elf pyromancer (D:11)
  2 ugly things (D:11)
  A cyclops (D:11)
  An elephant (D:9)
  A gargoyle (D:10)
  A komodo dragon (D:9)
  Psyche (D:10)
  5 hornets
  Grinder (D:5)
  2 trolls
  2 wraiths (D:11)
  17 yaks
  A vampire (D:10)
  2 vampire mosquitoes (D:11)
  Menkaure (D:4)
  2 water moccasins
  An ice beast (D:6)
  3 black bears
  An ogre (D:5)
  A sky beast (D:6)
  2 orc warriors (D:11)
  4 centaurs
  2 phantoms
  3 kobold brigands
  A gnoll sergeant (D:5)
  5 bullfrogs
  4 scorpions
  20 wights
  6 killer bees (D:8)
  2 howler monkeys
  2 hounds
  6 orc priests
  2 iguanas
  6 orc wizards
  5 adders
  19 gnolls
  A shadow imp (D:8)
  2 ufetubi (D:6)
  3 ribbon worms
  5 dart slugs
  31 orcs
  5 ball pythons
  7 endoplasms
  2 giant cockroaches
  7 goblins
  5 hobgoblins
  3 jackals (D:4)
  3 quokkas
  5 bats
  3 frilled lizards
  33 kobolds
  6 rats
257 creatures vanquished.

Vanquished Creatures (others)
  A kobold (D:9)
1 creature vanquished.

Grand Total: 258 creatures vanquished

Notes
Turn   | Place    | Note
-------+----------+-------------------------------------------
     0 | D:1      | Strat the Mountain Dwarf Monk began the quest for the Orb.
     0 | D:1      | Reached XP level 1. HP: 19/19 MP: 1/1
    56 | D:1      | Reached skill level 4 in Axes
   107 | D:1      | Reached XP level 2. HP: 26/26 MP: 2/2
   225 | D:1      | Reached skill level 5 in Axes
   296 | D:1      | Reached XP level 3. HP: 31/31 MP: 3/3
   747 | D:2      | Found Jusiriah's Magic Scroll Emporium.
   754 | D:2      | Bought a scroll of teleportation for 30 gold pieces
   754 | D:2      | Bought a scroll of identify for 20 gold pieces
   976 | D:2      | Reached XP level 4. HP: 23/38 MP: 4/4
  1074 | D:2      | Reached skill level 6 in Axes
  1124 | D:2      | Identified the amulet of Propriety {Acrobat -Tele Regen+
                  | SInv}
  1572 | D:2      | Found Keoxtuzi's Magic Scroll Shop.
  1890 | D:3      | Found Wipp's Weapon Emporium.
  1904 | D:3      | Reached XP level 5. HP: 45/45 MP: 5/5
  1971 | D:3      | Reached skill level 7 in Axes
  2116 | D:3      | Reached skill level 1 in Armour
  2247 | D:3      | Found a burning altar of Makhleb.
  2478 | D:3      | Reached XP level 6. HP: 51/51 MP: 6/6
  2802 | D:4      | Noticed Menkaure
  2922 | D:3      | Reached skill level 8 in Axes
  2963 | D:4      | Found Lyof's Jewellery Boutique.
  3154 | D:4      | Found Yhusmyll's General Store.
  3159 | D:4      | Bought a potion of curing for 36 gold pieces
  3159 | D:4      | Bought a scroll of teleportation for 36 gold pieces
  3400 | D:4      | Found Burefi's Jewellery Shoppe.
  3619 | D:4      | Found a basalt altar of Yredelemnul.
  3622 | D:4      | Found Jajekk Vobi's Magic Scroll Emporium.
  3715 | D:4      | Reached XP level 7. HP: 51/57 MP: 7/7
  3718 | D:4      | Reached skill level 9 in Axes
  3907 | D:4      | Killed Menkaure
  3908 | D:4      | Reached skill level 10 in Axes
  3973 | D:5      | Entered Level 5 of the Dungeon
  4110 | D:5      | Reached XP level 8. HP: 60/67 MP: 8/8
  4229 | D:5      | Found a hide-covered altar of Uskayaw.
  4229 | D:5      | Found a shadowy altar of Dithmenos.
  4229 | D:5      | Found a glowing silver altar of Zin.
  4229 | D:5      | Found a glowing golden altar of the Shining One.
  4235 | D:5      | Found an ornate altar of the Wu Jian Council.
  4235 | D:5      | Found a snail-covered altar of Cheibriados.
  4324 | D:5      | Reached skill level 11 in Axes
  4634 | D:5      | Reached skill level 5 in Fighting
  5281 | D:5      | Noticed Grinder
  5283 | D:5      | Paralysed by Grinder for 4 turns
  5290 | D:5      | Paralysed by Grinder for 3 turns
  5298 | D:5      | Killed Grinder
  5471 | D:6      | Reached skill level 12 in Axes
  5831 | D:6      | Reached XP level 9. HP: 75/78 MP: 9/9
  5858 | D:6      | Found a staircase to the Ecumenical Temple.
  5870 | Temple   | Entered the Ecumenical Temple
  5890 | Temple   | Became a worshipper of Warmaster Okawaru
  5890 | Temple   | Reached * piety under Okawaru
  5890 | Temple   | Reached ** piety under Okawaru
  6276 | D:7      | Reached skill level 13 in Axes
  6311 | D:7      | Found a sacrificial altar of Ru.
  6609 | D:7      | Reached skill level 1 in Invocations
  7192 | D:8      | Reached *** piety under Okawaru
  7514 | D:8      | Paralysed by a hornet for 1 turns
  7516 | D:8      | Reached skill level 14 in Axes
  8004 | D:8      | Reached XP level 10. HP: 85/88 MP: 13/13
  8217 | D:9      | Reached skill level 5 in Armour
  8237 | D:9      | Reached **** piety under Okawaru
  8329 | D:9      | Reached skill level 5 in Invocations
  8539 | D:9      | Found a staircase to the Lair.
  8539 | D:9      | Noticed an elephant
  8545 | D:9      | Killed an elephant
  8579 | D:9      | Identified the ring "Fid Tugy" {rC- rN+ Will++}
  8833 | D:10     | Entered Level 10 of the Dungeon
  8853 | D:10     | Reached skill level 15 in Axes
  8853 | D:10     | Reached ***** piety under Okawaru
  9090 | D:10     | Noticed a gargoyle
  9096 | D:10     | Killed a gargoyle
  9245 | D:10     | Found Vishu's Magic Scroll Emporium.
  9438 | D:10     | Bought a scroll of teleportation for 48 gold pieces
  9438 | D:10     | Bought a scroll of teleportation for 48 gold pieces
  9438 | D:10     | Bought a scroll of teleportation for 48 gold pieces
  9499 | D:10     | Received a gift from Okawaru
  9502 | D:10     | Reached XP level 11. HP: 63/91 MP: 14/16
  9613 | D:10     | Noticed Psyche
 10285 | D:11     | Paralysed by a hornet for 1 turns
 10494 | D:11     | Reached skill level 16 in Axes
 10552 | D:11     | Noticed a cyan ugly thing
 10578 | D:11     | Killed a cyan ugly thing
 10610 | D:11     | Noticed a red ugly thing
 10622 | D:11     | Killed a red ugly thing
 10665 | D:11     | Found a staircase to the Orcish Mines.
 10743 | D:11     | Found a roughly hewn altar of Beogh.
 10772 | D:10     | Killed Psyche
 11080 | D:11     | Received a gift from Okawaru
 11233 | D:11     | Noticed a deep elf pyromancer
 11252 | D:11     | Killed a deep elf pyromancer
 11399 | D:11     | Noticed a two-headed ogre
 11419 | D:11     | Mangled by a two-headed ogre

Illustrated notes

Levels and vault maps discovered:
D:1:      roderic_octagonal_star, layout_basic, bh_walls_and_bars
D:2:      layout_rooms, serial_shops, nicolae_shop_behind_doors, shop,
          minmay_misc_feat_hallway
D:3:      layout_basic, lemuel_tele_altar, serial_shops, shop
D:4:      layout_loops_cross, mainiacjoe_overflow_catwalk, serial_shops,
          nicolae_shop_statue_plus, nicolae_shop_tiny_statue_garden, shop,
          nicolae_shop_back_alley_shop, serial_forest, infiniplex_forest_split,
          infiniplex_forest_end_2, infiniplex_forest_straight_3,
          infiniplex_forest_end_3, infiniplex_forest_end_2,
          infiniplex_forest_clump_double, infiniplex_forest_clump_long,
          infiniplex_forest_clump_diagonal, uniq_menkaure
D:5:      layout_loops_ring, minmay_overflow_temple_hex, uniq_grinder
D:6:      layout_loops_cross, minmay_temple_entry_junction_2
D:7:      layout_basic, nicolae_overflow_crystal_walls
D:8:      layout_basic, centaur_isle
D:9:      layout_cave_pools, grunt_lair_entry_orc_guard_hut
D:10:     layout_irregular_city, serial_shops, shop, uniq_psyche
D:11:     layout_rooms, minmay_orc_entry_temple_large, billiards_dpeg
Temple:   nicolae_temple_god_jail

Skill      XL: |  1  2  3  4  5  6  7  8  9 10 11 |
---------------+----------------------------------+-----
Axes           | 4 5 6 7 8 10 12 14 15 16 | 16.6
Armour         | 1 3 4 6 7 |  7.7
Fighting       | 4 6 7 8 9 |  9.8
Invocations    | 4 6 7 |  7.0
Dodging        | |  2.1

Action                     |  1- 3 |  4- 6 |  7- 9 | 10-12 || total
---------------------------+-------+-------+-------+-------++-------
  Melee: Hand axe          |    80 |   103 |       |       ||   183
         War axe           |       |    73 |   253 |       ||   326
         Battleaxe         |       |       |    30 |   257 ||   287
 Invoke: Heroism           |       |       |       |     2 ||     2
  Evoke: Wand              |       |       |       |     6 ||     6
    Use: Scroll            |     1 |     7 |     6 |     3 ||    17
         Potion            |       |     1 |     1 |     5 ||     7
   Stab: Invisible         |       |       |       |     5 ||     5
 Armour: Robe              |    48 |    35 |       |       ||    83
         Scale mail        |       |    63 |    61 |       ||   124
         Chain mail        |       |       |   196 |   253 ||   449
         Skin              |       |       |       |     2 ||     2
  Dodge: Dodged            |    63 |    73 |   133 |   113 ||   382

Table legend: (Time is in decaauts)
 A = Elapsed time spent in this place.
 B = Non-inter-level travel time spent in this place.
 C = Inter-level travel time spent in this place.
 D = Time resting spent in this place.
 E = Time spent auto-exploring this place.
 F = Levels seen in this place.
 G = Mean time per level.
                   A        B        C        D        E       F      G
               +--------+--------+--------+--------+--------+-----+--------+
         Total |  11424 |  11054 |    370 |   2088 |   5963 |  12 |  952.0 |
       Dungeon |  11385 |  11051 |    334 |   2088 |   5963 |  11 | 1035.0 |
        Temple |     38 |      2 |     36 |      0 |      0 |   1 |   38.0 |
               +--------+--------+--------+--------+--------+-----+--------+

Top non-repeatable levels by time:
    D:10: 1704 daAuts
     D:5: 1414 daAuts
     D:8: 1242 daAuts
     D:3: 1217 daAuts
     D:4: 1118 daAuts
     D:2: 964 daAuts
    D:11: 866 daAuts
     D:9: 807 daAuts
     D:6: 753 daAuts
     D:1: 718 daAuts
     D:7: 577 daAuts
  Temple: 38 daAuts
